 Dungeon Crawl Stone Soup version 0.28.0-43-g3370ac3207 (webtiles) character file.

Game seed: 825572989459547542

1052 Orthodox the Summoner (level 8, -7/60 HPs)
             Began as a Barachi Summoner on Mar 9, 2022.
             Mangled by an ice beast (12 damage)
             ... on level 5 of the Dungeon.
             The game lasted 00:30:03 (7192 turns).

Orthodox the Summoner (Barachi Summoner)            Turns: 7192, Time: 00:30:04

Health: -7/60      AC:  3    Str: 11    XL:     8   Next: 26%
Magic:  13/22      EV: 12    Int: 16    God:
Gold:   256        SH:  0    Dex: 13    Spells: 1/14 levels left

rFire   . . .      SeeInvis .   i - +0 dagger (holy)
rCold   . . .      Faith    .   (no shield)
rNeg    . . .      Spirit   .   a - +0 robe
rPois   .          Reflect  .   (no helmet)
rElec   .          Harm     .   (no cloak)
rCorr   .          Rampage  .   (no gloves)
Will    .....                   c - +0 pair of boots
Stlth   ++........              (no amulet)
HPRegen 0.20/turn               j - ring of magical power
MPRegen 0.18/turn               (no ring)

@: slow
A: amphibious, slowness 1, strong legs 1, +LOS
a: Hop


You were on level 5 of the Dungeon.
You visited 1 branch of the dungeon, and saw 5 of its levels.

You collected 256 gold pieces.

Inventory:

Hand Weapons
 i - a +0 dagger of holy wrath (weapon)
Missiles
 k - 2 javelins
Armour
 a - a +0 robe (worn)
 c - a +0 pair of boots (worn)
Magical Staves
 b - a staff of air
Jewellery
 j - a ring of magical power (left hand)
Wands
 d - a wand of iceblast (3)
Scrolls
 f - a scroll of noise
 g - a scroll of blinking
 m - a scroll of teleportation
 p - a scroll of immolation
 q - a scroll of identify {@r1}
 r - a scroll of amnesia
Potions
 e - 2 potions of curing {@q1}
 h - 2 potions of haste {unknown}
 l - 2 potions of mutation
 n - 2 potions of degeneration {unknown}
 o - a potion of cancellation {unknown}
 s - a potion of brilliance {unknown}


   Skills:
 - Level 4.2 Fighting
 - Level 2.3 Dodging
 - Level 1.9 Stealth
 - Level 3.5 Spellcasting
 - Level 2.2 Hexes
 * Level 9.7 Summonings
 + Level 3.0 Air Magic


You had one spell level left.
You knew the following spells:

 Your Spells              Type           Power      Damage    Failure   Level
a - Summon Small Mammal   Summ           100%       N/A       1%          1
b - Call Imp              Summ           34%        N/A       1%          2
c - Call Canine Familiar  Summ           34%        N/A       1%          3
d - Summon Lightning Spi  Summ/Air       23%        N/A       13%         4
e - Summon Guardian Gole  Hex/Summ       22%        N/A       4%          3

Your spell library contained the following spells:

 Spells                   Type           Power      Damage    Failure   Level
 Static Discharge         Conj/Air       7%         N/A       14%         2
 Portal Projectile        Hex/Tloc       12%        N/A       34%         3
 Leda's Liquefaction      Hex/Erth       3%         N/A       75%         4
 Lightning Bolt           Conj/Air       3%         1d15      95%         5
 Maxwell's Capacitive Co  Air            6%         ∞         100%        8


Dungeon Overview and Level Annotations

Branches:
Dungeon (5/15)
 Temple: D:4-7

Altars:
Okawaru
Trog
Xom


Innate Abilities, Weirdness & Mutations

You are amphibious.
You cover ground slowly.
You can hop short distances.
You have an extended range of vision and can be seen from far away.


Message History

Your crimson imp barely misses the ice beast.
Your quokka barely misses the ice beast.
Your bat closely misses the ice beast.
Your hound bites the ice beast.
The ice beast hits your hound. The ice beast freezes your hound!
Your hound dies!
Your hound's corpse disappears in a puff of smoke!
Unknown command.
Your quokka barely misses the ice beast.
Your crimson imp hits the ice beast but does no damage.
Your bat hits the ice beast but does no damage.
Your quokka barely misses the ice beast.
Your bat closely misses the ice beast.
Your quokka bites the ice beast but does no damage.
Your bat barely misses the ice beast.
Your quokka bites the ice beast but does no damage.
Your quokka bites the ice beast but does no damage.
Your bat barely misses the ice beast.
Your bat hits the ice beast but does no damage.
Your quokka bites the ice beast.
Press: ? - help, v - describe, . - travel
Here: an ice beast (almost dead, ally target)
The floor.
Unknown command.
Unknown command.
Unknown command.
Unknown command.
Unknown command.
Casting: Summon Small Mammal (safe; 1% risk of failure)
Confirm with . or Enter, or press ? or * to list all spells.
The ice beast hits you.
* * * LOW HITPOINT WARNING * * *
The ice beast freezes you!
* * * LOW HITPOINT WARNING * * *
Your quokka barely misses the ice beast.
You take 11 damage, and have 6/60 hp.
You now have 12/22 mp.
Your quokka bites the ice beast but does no damage.
The ice beast hits you.
* * * LOW HITPOINT WARNING * * *
The ice beast freezes you!
You die...

#........#.# #...# .#
#...##.###.# #.... .# #..
#......# #....## .#
#...#......# <.# .#
#...#...÷..#######.###.###
#...#.)....#.........(....
#...#......#....###.##.###
#..........#b5..###.#..#
#........@Yhr........<.#
#..#.....######........#
#(.+.....'.............#
#.##.....######........#
#.#......# #####.##.#
#<#......# #.# .#
#........# #.# .#
#.######## #.. .# #.# ##.
.#


You could see an ice beast (ally target), a friendly hound (summoned), a
friendly crimson imp (summoned), a friendly quokka (summoned) and a friendly bat
(summoned).

Vanquished Creatures
  A howler monkey (D:4)
  An adder (D:2)
  An endoplasm (D:2)
  A giant cockroach (D:3)
  A hobgoblin (D:1)
  A jackal (D:1)
  A bat (D:3)
  2 kobolds
  A rat (D:1)
10 creatures vanquished.

Vanquished Creatures (collateral kills)
  A sky beast (D:5)
  A black bear (D:3)
  An ice beast (D:3)
  An ogre (D:4)
  A necrophage (D:4)
  2 phantoms
  A scorpion (D:4)
  A bullfrog zombie (D:5)
  A hound (D:4)
  An orc priest (D:4)
  A centaur skeleton (D:4)
  Ijyb (D:3)
  2 orc wizards (D:4)
  6 adders
  A white imp (D:4)
  An ufetubus (D:4)
  A worm (D:2)
  A dart slug (D:2)
  7 orcs (D:4)
  A bat (D:1)
  8 endoplasms
  2 giant cockroaches (D:2)
  5 goblins
  6 hobgoblins
  9 jackals (D:1)
  3 quokkas
  6 ball pythons
  7 kobolds
  4 rats (D:1)
83 creatures vanquished.

Vanquished Creatures (others)
  8 demonic plants (D:1)
  4 fungi (D:1)
  6 plants (D:1)
18 creatures vanquished.

Grand Total: 111 creatures vanquished

Notes
Turn   | Place    | Note
-------+----------+-------------------------------------------
     0 | D:1      | Orthodox the Barachi Summoner began the quest for the Orb.
     0 | D:1      | Reached XP level 1. HP: 13/13 MP: 3/3
   480 | D:1      | Reached skill level 5 in Summonings
   480 | D:1      | Reached XP level 2. HP: 19/19 MP: 1/5
   483 | D:1      | Learned a level 2 spell: Call Imp
   991 | D:1      | Reached skill level 1 in Fighting
   991 | D:1      | Reached XP level 3. HP: 26/26 MP: 1/6
  1224 | D:1      | Learned a level 3 spell: Call Canine Familiar
  1482 | D:1      | Found a faded altar of an unknown god.
  2524 | D:2      | Reached XP level 4. HP: 32/32 MP: 8/8
  2559 | D:2      | Found a bloodstained altar of Trog.
  2979 | D:2      | Reached skill level 6 in Summonings
  4167 | D:3      | Noticed Ijyb
  4175 | D:3      | Found a shimmering altar of Xom.
  4176 | D:3      | Found an iron altar of Okawaru.
  4209 | D:3      | Noticed an ice beast
  4303 | D:3      | Killed an ice beast
  4304 | D:3      | Reached XP level 5. HP: 26/40 MP: 10/10
  4568 | D:3      | Killed Ijyb
  4659 | D:3      | Reached XP level 6. HP: 47/47 MP: 11/11
  4681 | D:3      | Learned a level 4 spell: Summon Lightning Spire
  5040 | D:4      | Noticed a black bear
  5119 | D:4      | Noticed a necrophage
  5132 | D:4      | Killed a necrophage
  5133 | D:4      | Reached skill level 7 in Summonings
  5448 | D:4      | Reached skill level 8 in Summonings
  5448 | D:4      | Reached XP level 7. HP: 54/54 MP: 12/12
  5455 | D:4      | Learned a level 3 spell: Summon Guardian Golem
  5888 | D:3      | Reached skill level 1 in Hexes
  5888 | D:3      | Reached skill level 1 in Air Magic
  6633 | D:4      | Reached skill level 9 in Summonings
  6633 | D:4      | Reached XP level 8. HP: 55/60 MP: 13/13
  6764 | D:5      | Entered Level 5 of the Dungeon
  7192 | D:5      | Mangled by an ice beast

Illustrated notes

Levels and vault maps discovered:
D:1:      dpeg_arrival_ratfight, layout_basic, shapermc_ecumenical_altar_gd
D:2:      layout_basic, basic_altar
D:3:      layout_basic, gammafunk_temple_overflow_statue,
          serial_co_window_serial, co_window_of_opportunity_a,
          co_window_paths_b, co_window_paths_b, co_window_of_opportunity_a,
          co_window_corner_a, co_window_broadway_c, co_window_corner_b,
          co_window_2corner, co_window_of_opportunity_b, co_window_paths_d,
          co_window_4corner_a, glass_columns_a, glass_columns_c,
          glass_columns_a, glass_columns_b, glass_columns_a, uniq_ijyb
D:4:      layout_basic, minmay_misc_feat_secret_circle, dk_noncrumbling_3,
          minmay_three_crescents
D:5:      layout_basic

Skill      XL: |  1  2  3  4  5  6  7  8 |
---------------+-------------------------+-----
Summonings     | 5 6 8 9 |  9.7
Fighting       | 1 2 3 4 |  4.2
Spellcasting   | 3 |  3.5
Hexes          | 2 |  2.2
Air Magic      | 2 3 |  3.0
Dodging        | |  2.3
Stealth        | |  1.9

Action                   |  1- 3 |  4- 6 |  7- 9 || total
-------------------------+-------+-------+-------++-------
Melee: Dagger            |    39 |    55 |    21 ||   115
 Cast: Summon Small Mamm |    41 |    21 |    32 ||    94
       Call Imp          |    16 |    19 |    12 ||    47
       Call Canine Famil |       |    20 |    18 ||    38
       Summon Guardian G |       |       |     1 ||     1
  Use: Scroll            |       |     4 |     3 ||     7
       Potion            |       |     1 |       ||     1
 Stab: Sleeping          |     2 |     2 |       ||     4
Armor: Robe              |     5 |     8 |    17 ||    30
Dodge: Dodged            |    34 |    37 |    44 ||   115
